 Dungeon Crawl Stone Soup version 0.21.1-1-g345015fe64 (webtiles) character file.

14997 Gargoyl the Cleaver (level 11, -7/95 HPs)
             Began as a Centaur Abyssal Knight on May 17, 2018.
             Was the Champion of Lugonu.
             Mangled by Urug
             ... wielding a +3 double sword of electrocution
              (17 damage)
             ... on level 11 of the Dungeon.
             The game lasted 00:22:44 (13600 turns).

Gargoyl the Cleaver (Centaur Abyssal Knight)       Turns: 13600, Time: 00:22:44

Health: -7/95      AC: 13    Str: 21    XL:     11   Next: 96%
Magic:  17/17      EV:  7    Int: 11    God:    Lugonu [******]
Gold:   226        SH:  0    Dex: 12    Spells: 10/10 levels left

rFire    . . .     SeeInvis .   x - +2 battleaxe (vamp)
rCold    . . .     Gourm    .   (shield currently unavailable)
rNeg     + . .     Faith    .   d - +1 chain mail of Imperfection {*Drain rN+ MR+ Str+6}
rPois    .         Spirit   .   q - +2 hat {MR+}
rElec    .         Reflect  .   (no cloak)
rCorr    .         Harm     .   (no gloves)
MR       ++...                  (no barding)
Stlth    ..........             (no amulet)
HPRegen  0.25/turn              m - ring of flight
MPRegen  0.15/turn              (no ring)

@: very quick
A: large, hooves 3, deformed body, speed 2, tough skin 3
a: Depart the Abyss, Bend Space, Banish, Corrupt, Enter the Abyss, Brand Weapon
With Distortion, Renounce Religion, Evoke Flight


You were on level 11 of the Dungeon.
You worshipped Lugonu.
Lugonu was exalted by your worship.
You were very hungry.

You visited 1 branch of the dungeon, and saw 12 of its levels.
You visited the Abyss 1 time.
You also visited: Ossuary.

You collected 578 gold pieces.
You spent 352 gold pieces at shops.

Inventory:

Hand Weapons
 a - a +4 hand axe of draining
 x - a +2 vampiric battleaxe (weapon)
 z - a cursed -1 hand axe
Missiles
 n - 16 tomahawks (quivered)
Armour
 d - the +1 chain mail of Imperfection (worn) {*Drain rN+ MR+ Str+6}
   (You found it on level 2 of the Abyss)

   It affects your strength (+6).
   It protects you from negative energy.
   It affects your resistance to hostile enchantments.
   It causes draining when unequipped.
 q - a +2 hat of magic resistance (worn)
Jewellery
 m - a ring of flight (left hand)
Wands
 e - a wand of acid (6)
 j - a wand of clouds (5)
Scrolls
 f - a scroll of remove curse
 g - a scroll of amnesia
 k - a scroll of magic mapping
 o - 3 scrolls of fog
 B - a scroll of identify
Potions
 b - a potion of curing
 h - a potion of ambrosia
 p - 3 potions of haste
 u - a potion of might
 A - 2 potions of invisibility {unknown}
Books
 i - a book of Maledictions

   Spells                             Type                      Level
   a - Corona                         Hexes                        1
   b - Ensorcelled Hibernation        Hexes/Ice                    2
   c - Confuse                        Hexes                        3
   d - Tukima's Dance                 Hexes                        3
   e - Dazzling Spray                 Conjuration/Hexes            3
 l - a book of Cantrips

   Spells                             Type                      Level
   a - Confusing Touch                Hexes                        1
   b - Animate Skeleton               Necromancy                   1
   c - Summon Small Mammal            Summoning                    1
   d - Apportation                    Translocation                1
 y - a book of Party Tricks

   Spells                             Type                      Level
   a - Summon Butterflies             Summoning                    1
   b - Apportation                    Translocation                1
   c - Lesser Beckoning               Translocation                3
   d - Tukima's Dance                 Hexes                        3
   e - Alistair's Intoxication        Transmutation/Poison         5
   f - Invisibility                   Hexes                        6
Comestibles
 c - 9 rations


   Skills:
 + Level 8.7 Fighting
 + Level 10.8 Axes
 * Level 8.6 Armour
 + Level 2.0 Dodging
 * Level 8.5 Invocations


You had 10 spell levels left.
You didn't know any spells.

Dungeon Overview and Level Annotations

Branches:
Dungeon (12/15)            Temple (0/1) D:5
   Lair: D:8-11         Orc: D:9-12

Altars:
Cheibriados
Dithmenos
Elyvilon
Okawaru
Sif Muna
Uskayaw
Zin
The Shining One

Shops:
D:6 (   D:9 !:*

Annotations:
D:9 exclusion: ice statue
D:11 Urug


Innate Abilities, Weirdness & Mutations

You have hooves in place of feet.
Armour fits poorly on your strangely shaped body.
You cover ground very quickly.
You have extremely tough skin. (AC +3)


Message History

Urug hits you with a double sword of electrocution!!
You are electrocuted!
You closely miss Urug. Your kick misses Urug.
Urug is heavily wounded.
Urug hits you but does no damage.
The killer bee buzzes angrily.
You hit Urug.
You feel better.
You kick Urug!
Urug is severely wounded.
Urug hits you with a double sword of electrocution!
* * * LOW HITPOINT WARNING * * *
You miss Urug.
Urug is severely wounded.
Urug hits you with a double sword of electrocution!
* * * LOW HITPOINT WARNING * * *
You barely miss Urug. You kick Urug.
Urug is severely wounded.
Urug hits you with a double sword of electrocution!
* * * LOW HITPOINT WARNING * * *
You are electrocuted!
You die...

....... .......
....... .......
....##. .....
...... ..######...
##..... ......#o.#
##......
......y@##
#.......
........(#
#.......
........(# #......
....####.##
###...... ..# #(.#
###.....##. .
##.(####...#..####
#......(.####.# #
#).##.#### #.# #
#.###### #.#


You could see Urug and a killer bee.

Vanquished Creatures
  Gastronok (D:12)
  2 two-headed ogres
  Nergalle (D:11)
  A cyclops (D:11)
  3 centaur skeletons
  A troll (D:10)
  Grinder (D:4)
  A human (D:7)
  4 hogs (D:7)
  7 yaks
  3 hungry ghosts
  Edmund (D:6)
  2 water moccasins
  A porcupine (D:10)
  9 ice beasts
  3 orc warriors
  3 sky beasts
  3 black bears (D:10)
  A phantom (D:8)
  An eye of draining (D:11)
  6 centaurs
  A necrophage (D:8)
  8 ogres
  3 big kobolds
  Blork the orc (D:4)
  6 bullfrogs
  2 scorpions
  8 killer bees
  2 electric eels (D:9)
  A howler monkey (D:5)
  4 centaur zombies
  A quasit (D:7)
  8 orc priests
  A bullfrog zombie (D:8)
  4 jellies
  16 orc wizards
  7 hounds
  2 iguanas
  5 worker ants
  3 big kobold zombies (Ossuary)
  4 hound zombies
  4 mummies (Ossuary)
  2 worker ant zombies
  3 howler monkey zombies
  3 gnolls (D:8)
  8 adders
  5 shadow imps
  4 oozes
  2 adder skeletons
  5 worms
  5 dart slugs
  3 leopard geckos
  60 orcs
  5 giant cockroaches
  5 hobgoblins
  20 jackals
  21 kobolds
  3 quokkas
  3 ball pythons
  4 bats
  7 frilled lizards
  10 goblins
  2 hobgoblin zombies (Ossuary)
  A jackal zombie (D:8)
  A leopard gecko zombie (D:5)
  A quokka skeleton (D:8)
  A quokka zombie (D:6)
  3 rats (D:1)
333 creatures vanquished.

Vanquished Creatures (others)
  A two-headed ogre (D:10)
  The ghost of Gargoyl the Chopper, a novice CeAK of Lugonu (D:8)
  An ice beast (D:9)
  57 fungi (D:10)
  34 plants (D:10)
94 creatures vanquished.

Grand Total: 427 creatures vanquished

Notes
Turn   | Place    | Note
-------+----------+-------------------------------------------
     0 | Abyss:1  | Gargoyl the Centaur Abyssal Knight began the quest for the Orb.
     0 | Abyss:1  | Reached XP level 1. HP: 19/19 MP: 2/2
    51 | Abyss:1  | Found a corrupted altar of Lugonu.
   115 | Abyss:2  | Got an encrusted chain mail
   126 | Abyss:2  | Identified the +1 chain mail of Imperfection {*Drain rN+ MR+ Str+6} (You found it on level 2 of the Abyss)
   142 | Abyss:2  | Noticed a sun demon
   161 | Abyss:2  | Noticed a large abomination
   163 | Abyss:2  | Noticed a thrashing horror
   214 | Abyss:3  | Noticed a fire bat
   215 | D:1      | Escaped the Abyss
   634 | D:1      | Reached * piety under Lugonu
   634 | D:1      | Reached skill level 2 in Axes
   634 | D:1      | Reached XP level 2. HP: 26/26 MP: 3/3
  1155 | D:2      | Reached XP level 3. HP: 31/31 MP: 4/4
  1398 | D:2      | Reached XP level 4. HP: 33/40 MP: 5/5
  1862 | D:2      | Found a glowing silver altar of Zin.
  1862 | D:2      | Found a snail-covered altar of Cheibriados.
  1867 | D:2      | Found a hide-covered altar of Uskayaw.
  1869 | D:2      | Found a faded altar of an unknown god.
  1871 | D:2      | Found a faded altar of an unknown god.
  2060 | D:3      | Found a shadowy altar of Dithmenos.
  2070 | D:3      | Reached ** piety under Lugonu
  2244 | D:3      | Reached XP level 5. HP: 42/46 MP: 7/7
  2704 | D:3      | Reached skill level 3 in Axes
  2737 | D:3      | Reached *** piety under Lugonu
  2896 | D:3      | Found a deep blue altar of Sif Muna.
  2919 | D:3      | Reached XP level 6. HP: 43/52 MP: 8/8
  3130 | D:4      | Noticed Blork the orc
  3137 | D:4      | Killed Blork the orc
  3137 | D:4      | Reached skill level 4 in Axes
  3288 | D:4      | Noticed Grinder
  3305 | D:4      | Killed Grinder
  3305 | D:4      | Reached skill level 1 in Dodging
  3305 | D:4      | Reached XP level 7. HP: 40/60 MP: 8/10
  3606 | D:4      | Found an iron altar of Okawaru.
  4006 | D:5      | Entered Level 5 of the Dungeon
  4008 | D:5      | Found a staircase to the Ecumenical Temple.
  4157 | D:5      | Reached skill level 5 in Axes
  4221 | D:5      | Reached XP level 8. HP: 44/67 MP: 11/11
  4428 | D:5      | Reached **** piety under Lugonu
  4668 | D:5      | Reached skill level 5 in Fighting
  4942 | D:6      | Found Daqol's Antique Weapon Shoppe.
  4994 | D:6      | Found a sand-covered staircase.
  5018 | Ossuary  | Entered an ossuary
  5341 | Ossuary  | Reached skill level 6 in Axes
  5341 | Ossuary  | Reached skill level 5 in Invocations
  5685 | D:6      | Reached ***** piety under Lugonu
  5809 | D:6      | Bought a glowing battleaxe for 237 gold pieces
  5862 | D:6      | Noticed Edmund
  5874 | D:6      | Killed Edmund
  6120 | D:7      | Reached skill level 5 in Armour
  6120 | D:7      | Reached XP level 9. HP: 58/75 MP: 11/13
  6456 | D:7      | Reached skill level 7 in Axes
  6562 | D:7      | Found a glowing golden altar of the Shining One.
  7409 | D:8      | Got a scorched bone amulet
  7410 | D:8      | Identified the amulet "Fabliaxi" {Gourm rF- rC++ Dex+5} (You found it on level 8 of the Dungeon)
  7451 | D:8      | Reached skill level 8 in Axes
  7472 | D:8      | Found a white marble altar of Elyvilon.
  7474 | D:8      | Noticed Gargoyl's ghost (novice CeAK)
  7487 | D:8      | Banished Gargoyl's ghost
  7663 | D:8      | Reached XP level 10. HP: 84/84 MP: 14/14
  8917 | D:9      | Found Gufar's Magic Scroll Shop.
  8931 | D:9      | Found Vulaehie's Book Shoppe.
  8940 | D:9      | Found Delan's Distillery.
  9353 | D:9      | Found Idweuren's Assorted Antiques.
  9360 | D:9      | Bought a potion of heal wounds for 115 gold pieces
 10086 | D:9      | Reached skill level 9 in Axes
 10824 | D:10     | Entered Level 10 of the Dungeon
 10960 | D:10     | Reached ****** piety under Lugonu
 11172 | D:10     | Noticed a two-headed ogre
 11175 | D:10     | Reached XP level 11. HP: 76/94 MP: 16/16
 11181 | D:10     | Killed a two-headed ogre
 11483 | D:10     | Noticed a two-headed ogre
 11795 | D:10     | Banished a two-headed ogre
 12507 | D:9      | You are sucked into a shaft for 3 floors!
 12553 | D:12     | Reached skill level 10 in Axes
 12849 | D:11     | Noticed Gastronok
 12849 | D:11     | Noticed a two-headed ogre
 12858 | D:12     | Killed a two-headed ogre
 12911 | D:12     | Killed Gastronok
 13310 | D:11     | Noticed Nergalle
 13329 | D:11     | Noticed a spectral orc warlord
 13329 | D:11     | Killed Nergalle
 13477 | D:11     | Noticed a five-headed hydra
 13483 | D:11     | Banished a five-headed hydra
 13587 | D:11     | Noticed Urug
 13600 | D:11     | Mangled by Urug

Skill      XL: |  1  2  3  4  5  6  7  8  9 10 11 |
---------------+----------------------------------+-----
Axes           | 2 3 4 5 6 8 9 10 | 10.8
Armour         | 2 3 4 5 7 8 |  8.6
Fighting       | 4 6 8 |  8.7
Invocations    | 3 4 5 6 7 8 |  8.5
Dodging        | 1 2 |  2.0

Action                   |  1- 3 |  4- 6 |  7- 9 | 10-12 || total
-------------------------+-------+-------+-------+-------++-------
Melee: Hand axe          |    59 |   155 |   184 |       ||   398
       Kick              |     9 |    37 |    95 |   119 ||   260
       Battleaxe         |       |       |   156 |   372 ||   528
Throw: Tomahawk          |       |       |     1 |       ||     1
Invok: Depart the Abyss  |     1 |       |       |       ||     1
       Banish            |       |       |     1 |     3 ||     4
       Bend Space        |       |       |       |     1 ||     1
  Use: Scroll            |     7 |     6 |    10 |     6 ||    29
       Potion            |       |       |       |    13 ||    13
  Eat: Ration            |       |     2 |     3 |     6 ||    11
       Chunk             |       |     1 |     4 |     8 ||    13
Armor: Chain mail        |    42 |   109 |   231 |   339 ||   721
Dodge: Dodged            |    14 |    46 |   126 |   164 ||   350
